AoeStats
← Morris=w=

Arena

508933784Analyzed
4v4 RM · 8d ago on Sep 24, 2026· 51m 5s· 8 players
Game mode
Random Map
Map size
Large (8 player)
Population
200
Speed
Normal
Resources
Standard
Victory
Conquest
Starting age
Dark Age
Ending age
Imperial Age
RankedLock teamsTeams togetherTeam positionsShared explorationLock speedFull tech treeHidden civsTurbo modeCheats
Victory
Defeat
🇨🇳 Jurchens · China
1546
+14
🇭🇰 Poles · Hong Kong SAR China
1479
+17
🇪🇸 Georgians · Spain
1450
+18
1422
+19
🇭🇰 Burmese · Hong Kong SAR China
1553
-19
🇹🇷 Vikings · Türkiye
1552
-20
🇲🇽 Khmer · Mexico
1441
-15
🇪🇸 Teutons · Spain
1414
-14
LinG寶寶
12:43 Feudal Age
16:55 Castle Age
15:36 Double-Bit Axe
15:33 Horse Collar
18:01 Bow Saw
17:53 Heavy Plow
18:40 Loom
22:49 Wheelbarrow
23:46 Gold Mining
24:13 Hand Cart
28:41 Imperial Age
27:13 Husbandry
27:24 Bloodlines
28:30 Forging
28:25 Scale Barding Armor
29:51 Town Watch
29:28 Cavalier
30:45 Iron Casting
30:30 Chain Barding Armor
32:30 Conscription
35:38 Blast Furnace
36:13 Light Cavalry
38:39 Winged Hussar
49:12 Crop Rotation
50:20 Onager
DK_Verlok
2:52 Loom
7:48 Loom
10:05 Feudal Age
15:17 Castle Age
13:25 Double-Bit Axe
14:37 Horse Collar
17:05 Bow Saw
25:53 Wheelbarrow
25:16 Gold Mining
25:29 Heavy Plow
30:11 Imperial Age
27:43 Town Watch
28:11 Scale Barding Armor
28:42 Hand Cart
29:47 Bloodlines
29:59 Chain Barding Armor
30:15 Forging
30:39 Scale Mail Armor
30:30 Gambesons
30:46 Squires
30:31 Arson
30:45 Man-at-Arms
32:17 Crop Rotation
31:29 Long Swordsman
32:24 Two-Handed Swordsman
33:17 Champion
33:53 Pikeman
35:37 Iron Casting
35:18 Chain Mail Armor
38:00 Blast Furnace
39:13 Conscription
40:47 Plate Barding Armor
40:44 Plate Mail Armor
40:51 Plate Barding Armor
40:55 Light Cavalry
41:35 Husbandry
41:41 Hussar
42:27 Halberdier
43:38 Aznauri Cavalry
44:57 Fletching
Yucatan_water_supremacy
6:08 Loom
8:43 Feudal Age
9:24 Town Watch
12:37 Fletching
20:17 Double-Bit Axe
28:45 Castle Age
28:05 Horse Collar
33:36 Wheelbarrow
33:41 Heavy Plow
34:02 Fortified Wall
34:18 Bow Saw
36:23 Hand Cart
36:46 Gold Mining
41:12 Imperial Age
39:13 Fervor
39:14 Redemption
39:18 Stone Mining
39:45 Padded Archer Armor
40:43 Bodkin Arrow
41:07 Leather Archer Armor
41:14 Ballistics
41:05 Masonry
42:06 Ironclad
41:49 Scale Mail Armor
42:01 Forging
42:21 Crenellations
42:21 Conscription
42:40 Hoardings
41:34 Pikeman
42:15 Squires
43:14 Ring Archer Armor
43:00 Chain Mail Armor
44:13 Chemistry
43:20 Siege Engineers
44:08 Crop Rotation
44:38 Two-Man Saw
43:09 Capped Ram
44:33 Stone Shaft Mining
44:41 Onager
44:56 Elite Teutonic Knight
46:30 Plate Mail Armor
46:37 Iron Casting
46:08 Caravan
49:20 Blast Furnace
48:26 Siege Onager
白心悠哉
10:06 Feudal Age
10:50 Double-Bit Axe
13:43 Castle Age
11:59 Horse Collar
15:41 Bow Saw
20:48 Wheelbarrow
21:21 Heavy Plow
22:56 Gold Mining
24:01 Hand Cart
24:57 Gold Shaft Mining
24:19 Stone Mining
28:01 Imperial Age
25:18 Loom
25:27 Treadmill Crane
26:07 Scale Mail Armor
26:22 Scale Barding Armor
26:40 Forging
27:07 Stone Shaft Mining
26:35 Town Watch
27:30 Chain Barding Armor
28:46 Iron Casting
30:14 Two-Man Saw
29:51 Plate Barding Armor
29:39 Conscription
30:00 Husbandry
30:11 Bloodlines
29:22 Elite Steppe Lancer
31:29 Blast Furnace
33:20 Siege Engineers
33:24 Heavy Rocket Cart
34:31 Thunderclap Bombs
37:33 Light Cavalry
38:23 Hussar
45:47 Crop Rotation
45:27 Fortified Bastions
45:20 Guard Tower
45:50 Ballistics
45:22 Fletching
46:44 Masonry
47:36 Chemistry
46:36 Bodkin Arrow
48:54 Keep
48:49 Architecture
48:16 Murder Holes
48:07 Arrowslits
Ux'VIC
10:35 Feudal Age
13:18 Castle Age
11:06 Double-Bit Axe
11:38 Horse Collar
14:21 Bow Saw
14:47 Wheelbarrow
17:42 Loom
17:45 Town Watch
20:26 Hand Cart
20:12 Gold Mining
24:30 Gold Shaft Mining
28:14 Imperial Age
25:53 Scale Barding Armor
25:43 Stone Mining
26:13 Forging
26:31 Bloodlines
26:21 Husbandry
28:15 Chain Barding Armor
28:31 Iron Casting
30:07 Heavy Plow
31:18 Blast Furnace
30:53 Plate Barding Armor
31:16 Conscription
31:15 Light Cavalry
32:43 Fletching
33:45 Stone Shaft Mining
32:32 Heavy Scorpion
33:47 Tusk Swords
35:16 Ballistics
35:56 Chemistry
35:00 Elite Battle Elephant
36:41 Hussar
38:05 Town Patrol
45:47 Crop Rotation
45:30 Masonry
45:17 Murder Holes
45:27 Siege Engineers
Morris=w=
11:20 Feudal Age
15:15 Castle Age
15:33 Loom
26:33 Gold Mining
30:33 Stone Mining
33:57 Wheelbarrow
37:14 Imperial Age
35:43 Hand Cart
37:23 Pikeman
38:06 Scale Mail Armor
42:45 Gold Shaft Mining
44:05 Chain Mail Armor
44:01 Forging
43:47 Town Watch
44:07 Halberdier
46:07 Conscription
48:07 Plate Mail Armor
47:57 Squires
51:34 Chemistry
enfeig
10:35 Feudal Age
11:30 Loom
15:08 Castle Age
14:13 Double-Bit Axe
14:09 Horse Collar
16:07 Bow Saw
15:59 Heavy Plow
20:01 Town Watch
20:47 Fletching
23:42 Wheelbarrow
23:50 Pikeman
24:31 Squires
24:34 Scale Mail Armor
24:39 Gold Mining
24:40 Stone Mining
25:36 Chain Mail Armor
28:01 Forging
27:39 Arson
32:00 Hand Cart
36:30 Imperial Age
33:21 Man-at-Arms
33:47 Gambesons
34:22 Long Swordsman
36:05 Iron Casting
35:50 Bodkin Arrow
36:18 Ballistics
36:34 Halberdier
38:18 Two-Man Saw
37:49 Crop Rotation
36:50 Two-Handed Swordsman
38:11 Conscription
37:12 Capped Ram
38:08 Champion
46:31 Chemistry
45:45 Masonry
47:54 Plate Mail Armor
48:25 Blast Furnace
Lypophrenia
10:45 Feudal Age
9:42 Loom
13:14 Double-Bit Axe
16:41 Castle Age
15:22 Double-Bit Axe
15:40 Horse Collar
16:07 Town Watch
18:01 Bow Saw
23:11 Bow Saw
25:51 Gold Mining
26:18 Bow Saw
28:46 Heavy Plow
28:39 Stone Mining
29:26 Gold Shaft Mining
31:32 Imperial Age
29:37 Town Watch
30:08 Fletching
30:20 Padded Archer Armor
30:06 Crossbowman
30:45 Bodkin Arrow
31:45 Arbalester
32:26 Bracer
33:34 Chemistry
33:15 Padded Archer Armor
33:09 Capped Ram
38:41 Ballistics
38:32 Masonry
40:58 Pikeman
41:55 Leather Archer Armor
42:15 Chieftains
43:07 Squires
43:38 Architecture
43:16 Scale Barding Armor
43:23 Forging
43:13 Scale Mail Armor
44:29 Architecture
44:54 Pikeman
46:08 Pikeman
48:48 Iron Casting
Connection lost

Rejoining the realm…

Still unreachable

The connection could not be restored.

Session expired

The server has moved on; the page needs a fresh start.